[Event "Titled Tuesday Blitz September 13 Late 2022"]
[White "Hjartarson, Johann"]
[Black "Yoo, Christopher Woojin"]
[WhiteFideId "2300044"]
[BlackFideId "30909694"]
[WhiteElo "2458"]
[BlackElo "2105"]
[Result "1/2-1/2"]
[Round "05"]
[TimeControl "180+1"]
[Date "2022.09.13"]
[WhiteClock "0:00:19"]
[BlackClock "0:00:08"]

1. c4 c6 2. d4 d5 3. Nf3 Nf6 4. e3 Nbd7 5. b3 b6 6. Bd3 Bb7 7. O-O e6 8. Bb2 Bd6 9. Nc3 O-O 10. Qe2 Qe7 11. Rfd1 Rfd8 12. Rac1 Rac8 13. h3 Bb4 14. Ne5 Nxe5 15. dxe5 Nd7 16. f4 dxc4 17. Bxc4 Bxc3 18. Bxc3 c5 19. Rd6 Nf8 20. Rcd1 Rd7 21. Bb5 Rdc7 22. a4 Bd5 23. Bc4 Bxc4 24. bxc4 Rd7 25. a5 bxa5 26. Bxa5 Rxd6 27. exd6 Qd7 28. Qc2 Ng6 29. Qb3 Nf8 30. Kh2 Qc6 31. Qb5 Nd7 32. Bc7 Qxb5 33. cxb5 Kf8 34. Ra1 c4 35. Rxa7 Ke8 36. Ra4 c3 37. Rc4 Nb6 38. Rxc3 Kd7 39. Rc5 Na4 40. Rc6 f6 41. Ra6 Nc3 42. b6 Kc6 43. Ra7 Nb5 44. Ra6 Kb7 45. d7 Rf8 46. Ra5 Nxc7 47. bxc7 Kxc7 48. Ra7+ Kd6 49. d8=Q+ Rxd8 50. Rxg7 Rh8 51. Kg3 f5 52. Kf3 e5 53. g4 fxg4+ 54. hxg4 exf4 55. exf4 Ke6 56. g5 Kf5 57. Kg3 h6 58. Rf7+ Kg6 59. Rf6+ Kg7 60. Rxh6 Rxh6 61. gxh6+ Kxh6 62. Kf3 Kg6 63. Ke4 Kf6 64. f5 Kf7 65. Ke5 Ke7 66. f6+ Kf7 67. Kf5 Kf8 68. Ke6 Ke8 69. f7+ Kf8 70. Kf6 1/2-1/2


[Site "https://www.chess.com"]

[Event "Titled Tuesday Blitz September 13 Late 2022"]
[White "Ibarra Jerez, Jose Carlos"]
[Black "Sadhwani, Raunak"]
[WhiteFideId "2226332"]
[BlackFideId "35093487"]
[WhiteElo "2627"]
[BlackElo "2656"]
[Result "1/2-1/2"]
[Round "05"]
[TimeControl "180+1"]
[Date "2022.09.13"]
[WhiteClock "0:02:18"]
[BlackClock "0:02:39"]

1. Nf3 d5 2. g3 Nc6 3. d4 Bf5 4. Bg2 Nb4 5. Na3 e6 6. O-O Be7 7. c3 Nc6 8. Qb3 Rb8 9. c4 Nf6 10. cxd5 exd5 11. Nb5 O-O 12. Bf4 Ne8 13. Nc3 Nf6 14. Nb5 Ne8 15. Nc3 Nf6 16. Nb5 1/2-1/2


[Site "https://www.chess.com"]

[Event "Titled Tuesday Blitz September 13 Late 2022"]
[White "Ivic, Velimir"]
[Black "Naroditsky, Daniel"]
[WhiteFideId "950122"]
[BlackFideId "2026961"]
[WhiteElo "2625"]
[BlackElo "2628"]
[Result "1/2-1/2"]
[Round "05"]
[TimeControl "180+1"]
[Date "2022.09.13"]
[WhiteClock "0:00:41"]
[BlackClock "0:00:49"]

1. e4 c6 2. d4 d5 3. Nd2 dxe4 4. Nxe4 Nf6 5. Nxf6+ exf6 6. c3 Bd6 7. Bd3 O-O 8. Qc2 Re8+ 9. Ne2 h5 10. O-O h4 11. h3 Nd7 12. Bd2 Nf8 13. Rae1 g6 14. Nf4 Rxe1 15. Rxe1 f5 16. Bc4 Qc7 17. Qc1 Bd7 18. Nd3 Be6 19. Bb3 Re8 20. Bg5 Be7 21. Bxe7 Qxe7 22. Nc5 b6 23. Nxe6 Nxe6 24. Qh6 Qf6 25. Re5 Nc7 26. Qe3 Rxe5 27. dxe5 Qe7 28. Qd4 Ne6 29. Bxe6 Qxe6 30. f4 Qxa2 31. Qd8+ Kg7 32. Qf6+ Kg8 33. Qd8+ Kg7 34. Qf6+ Kg8 35. Qd8+ 1/2-1/2


[Site "https://www.chess.com"]

[Event "Titled Tuesday Blitz September 13 Late 2022"]
[White "Jobava, Baadur"]
[Black "Bayo Milagro, Alvaro"]
[WhiteFideId "13601520"]
[BlackFideId "22275240"]
[WhiteElo "2582"]
[BlackElo "2270"]
[Result "1-0"]
[Round "05"]
[TimeControl "180+1"]
[Date "2022.09.13"]
[WhiteClock "0:01:03"]
[BlackClock "0:00:06"]

1. e4 e5 2. Nf3 Nc6 3. d4 exd4 4. Nxd4 Bc5 5. Nb3 Bb6 6. Be2 d6 7. O-O Nf6 8. Nc3 h6 9. a4 a6 10. Nd5 Nxd5 11. exd5 Ne5 12. a5 Ba7 13. Nd4 Qf6 14. c3 O-O 15. Be3 Bd7 16. Re1 Rfe8 17. Nc2 Bxe3 18. Nxe3 Ng6 19. g3 Ne5 20. Kg2 Bf5 21. Ra4 Qg6 22. Nxf5 Qxf5 23. Rf4 Qd7 24. Rb4 Rab8 25. h4 Qf5 26. Rf4 Qd7 27. h5 Re7 28. Rb4 Qf5 29. Bxa6 Ra8 30. Bf1 Rae8 31. Rbe4 Ng4 32. Rxe7 Rxe7 33. Rxe7 Qxf2+ 34. Kh3 Ne3 35. Re8+ Kh7 36. Rxe3 Qxe3 37. Qd3+ 1-0


[Site "https://www.chess.com"]

[Event "Titled Tuesday Blitz September 13 Late 2022"]
[White "Kamsky, Gata"]
[Black "Rustemov, Alexander"]
[WhiteFideId "2000024"]
[BlackFideId "4119002"]
[WhiteElo "2666"]
[BlackElo "2867"]
[Result "1-0"]
[Round "05"]
[TimeControl "180+1"]
[Date "2022.09.13"]
[WhiteClock "0:00:28"]
[BlackClock "0:00:19"]

1. e4 e6 2. d4 d5 3. exd5 exd5 4. Nf3 Bf5 5. Bd3 Bxd3 6. Qxd3 Nc6 7. O-O Bd6 8. Bg5 Nge7 9. c3 Qd7 10. Re1 f6 11. Bh4 O-O 12. Bg3 Rae8 13. Nbd2 a6 14. Re2 Nf5 15. Rae1 Rxe2 16. Rxe2 g6 17. Nb3 Re8 18. Kf1 Rxe2 19. Qxe2 Kf7 20. Ne1 Qe6 21. Qxe6+ Kxe6 22. Nd3 b6 23. Bxd6 Nxd6 24. Nf4+ Kd7 25. Nxd5 Nc4 26. Nxf6+ Ke6 27. Nxh7 Nxb2 28. Ke2 Kf5 29. h4 Ne7 30. Kd2 Kg4 31. g3 Kf3 32. Nf6 Kxf2 33. g4 Kf3 34. h5 g5 35. h6 Ng6 36. h7 Nc4+ 37. Kd3 Nb2+ 38. Kc2 Nc4 39. Nd2+ Nxd2 40. Kxd2 b5 41. Kd3 c6 42. c4 bxc4+ 43. Kxc4 Ke3 44. a4 a5 45. Nd7 Kf4 46. Ne5 Nh8 47. Kc5 Ke4 48. Nxc6 1-0


[Site "https://www.chess.com"]

[Event "Titled Tuesday Blitz September 13 Late 2022"]
[White "Keymer, Vincent"]
[Black "Zhigalko, Sergei"]
[WhiteFideId "12940690"]
[BlackFideId "13502956"]
[WhiteElo "2585"]
[BlackElo "2662"]
[Result "1-0"]
[Round "05"]
[TimeControl "180+1"]
[Date "2022.09.13"]
[WhiteClock "0:00:42"]
[BlackClock "0:00:02"]

1. Nf3 d5 2. e3 Nf6 3. c4 e6 4. Nc3 b6 5. cxd5 exd5 6. g3 Bd6 7. Bg2 Ba6 8. b4 O-O 9. b5 Bb7 10. O-O a6 11. Bb2 axb5 12. Nxb5 Be7 13. Qc2 c5 14. d4 c4 15. Ne5 Nc6 16. a4 Nb4 17. Qe2 Re8 18. Nxc4 Rc8 19. Rfc1 Ne4 20. Ne5 Ba6 21. Rxc8 Qxc8 22. Rc1 Qe6 23. Ba3 Rc8 24. Qb2 Bxb5 25. axb5 Rxc1+ 26. Qxc1 Na2 27. Qa1 Bxa3 28. Qxa2 Bd6 29. Bxe4 dxe4 30. Qxe6 fxe6 31. Nc4 Bb4 32. Nxb6 1-0


[Site "https://www.chess.com"]

[Event "Titled Tuesday Blitz September 13 Late 2022"]
[White "Leitao, Rafael"]
[Black "Pranav, V"]
[WhiteFideId "2101246"]
[BlackFideId "25060783"]
[WhiteElo "2609"]
[BlackElo "2390"]
[Result "0-1"]
[Round "05"]
[TimeControl "180+1"]
[Date "2022.09.13"]
[WhiteClock "0:00:02"]
[BlackClock "0:00:02"]

1. c4 e5 2. Nc3 Nc6 3. Nf3 f5 4. d4 e4 5. Ng5 Nf6 6. h4 Bb4 7. Nh3 d5 8. Nf4 O-O 9. e3 Ne7 10. Qb3 Bxc3+ 11. bxc3 c6 12. Ba3 Rf7 13. cxd5 cxd5 14. c4 Ng6 15. Nxd5 Nxd5 16. cxd5 Nxh4 17. d6 b5 18. Rc1 Bd7 19. Rc7 Rb8 20. Rxh4 Be8 21. Rf4 b4 22. Rxf5 bxa3 23. Rcxf7 Bxf7 24. Qxf7+ Kh8 25. Bc4 Qxd6 26. Rb5 Rf8 27. Qe6 Qh2 28. Bf1 Qg1 29. Qf5 Rg8 30. Qxe4 h6 31. Re5 Rf8 32. Rf5 Rb8 33. Re5 Rf8 34. f3 Qh2 35. Re8 Qd6 36. Rxf8+ Qxf8 37. Bc4 Qb4+ 38. Kf2 Qxc4 39. Qe8+ Kh7 40. Qe4+ Kh8 41. Qb1 Qc3 42. Qb8+ Kh7 43. Qe5 Qb2+ 44. Kg3 Qxa2 45. Qe4+ Kh8 46. Qe8+ Qg8 47. Qa4 a2 48. Qxa7 Qe6 49. Kf2 Qb3 50. Qa8+ Qg8 51. Qa4 Qe6 52. e4 Qb6 53. Qxa2 Qxd4+ 0-1


[Site "https://www.chess.com"]

[Event "Titled Tuesday Blitz September 13 Late 2022"]
[White "Lenderman, Aleksandr"]
[Black "Kobo, Ori"]
[WhiteFideId "2021285"]
[BlackFideId "2812320"]
[WhiteElo "2607"]
[BlackElo "2420"]
[Result "1-0"]
[Round "05"]
[TimeControl "180+1"]
[Date "2022.09.13"]
[WhiteClock "0:01:57"]
[BlackClock "0:00:09"]

1. e4 e5 2. Nf3 Nc6 3. d4 exd4 4. Nxd4 Qf6 5. Nb5 Bc5 6. Qf3 Bb6 7. N1c3 Qxf3 8. gxf3 a6 9. Na3 Nd4 10. f4 Ne7 11. Be3 Ba7 12. O-O-O Ndc6 13. Bxa7 Rxa7 14. Nd5 Kd8 15. Nc4 b5 16. Nce3 Re8 17. Rg1 Rg8 18. f5 d6 19. Be2 Nxd5 20. Nxd5 g6 21. f4 Rh8 22. Bf3 gxf5 23. e5 Bd7 24. Rg7 Be8 25. Nf6 Ke7 26. Nxe8 1-0


[Site "https://www.chess.com"]

[Event "Titled Tuesday Blitz September 13 Late 2022"]
[White "Loay, Sameer"]
[Black "Timmermans, Mark"]
[WhiteFideId "8104239"]
[BlackFideId "1026399"]
[WhiteElo "2040"]
[BlackElo "2460"]
[Result "0-1"]
[Round "05"]
[TimeControl "180+1"]
[Date "2022.09.13"]
[WhiteClock "0:00:09"]
[BlackClock "0:00:21"]

1. Nf3 Nf6 2. g3 e6 3. Bg2 d5 4. O-O Be7 5. d3 O-O 6. Nbd2 b5 7. e4 Bb7 8. Re1 c5 9. exd5 Bxd5 10. a4 b4 11. Nc4 a5 12. Nfe5 Bxg2 13. Kxg2 Qd5+ 14. Qf3 Ra7 15. Bg5 h6 16. Bxf6 Bxf6 17. Rad1 Rd8 18. Nb6 Qd6 19. Nbc4 Qc7 20. b3 Ra6 21. Re4 Bxe5 22. Nxe5 f6 23. Nc4 Nc6 24. Rde1 Nd4 25. Qh5 Nxc2 26. Rc1 Nd4 27. Nd2 e5 28. Rg4 f5 29. Rg6 Qf7 30. Rxa6 Qxh5 31. Rxc5 Qe2 32. Nc4 Qf3+ 33. Kh3 Nxb3 34. Rc7 Qxf2 35. Raa7 Qf1+ 36. Kh4 Rd4+ 37. Kh5 Qh3+ 38. Kg6 Qg4# 0-1


[Site "https://www.chess.com"]

[Event "Titled Tuesday Blitz September 13 Late 2022"]
[White "Makarian, Rudik"]
[Black "Barbosa, Evandro Amorim"]
[WhiteFideId "44105681"]
[BlackFideId "2115824"]
[WhiteElo "2410"]
[BlackElo "2454"]
[Result "1-0"]
[Round "05"]
[TimeControl "180+1"]
[Date "2022.09.13"]
[WhiteClock "0:00:31"]
[BlackClock "0:00:02"]

1. b3 c5 2. Bb2 d5 3. e3 a6 4. Nf3 Nc6 5. Be2 Nf6 6. d4 e6 7. O-O Be7 8. dxc5 Bxc5 9. Nbd2 O-O 10. c4 Qe7 11. a3 Rd8 12. b4 Ba7 13. Qb3 dxc4 14. Nxc4 b5 15. Nce5 Bb7 16. Rac1 Nxe5 17. Nxe5 Rac8 18. Bf3 Bxf3 19. Nxf3 Ne4 20. Rxc8 Rxc8 21. Qd3 Qb7 22. Rd1 Bb6 23. h4 f6 24. Bd4 Bxd4 25. Nxd4 Qd5 26. f3 Nc3 27. Rd2 Rc4 28. h5 f5 29. Nxe6 Qxd3 30. Rxd3 h6 31. Rd7 Nb1 32. Rxg7+ Kh8 33. Rg6 Kh7 34. Nf8+ Kh8 35. Rxa6 Kg7 36. Ne6+ Kf7 37. Nd4 Rc1+ 38. Kh2 f4 39. exf4 Nd2 40. Nxb5 Rd1 41. Rxh6 Nf1+ 42. Kh3 Ne3 43. g4 Rd2 44. f5 Nf1 45. Kh4 Rg2 46. Nd6+ Ke7 47. Ne4 Nh2 48. Re6+ Kd7 49. Nc5+ Kc7 50. Re3 Kc6 51. h6 1-0


[Site "https://www.chess.com"]

[Event "Titled Tuesday Blitz September 13 Late 2022"]
[White "Maksimovic, Bojan"]
[Black "Barria Zuniga, Daniel"]
[WhiteFideId "14408120"]
[BlackFideId "3400816"]
[WhiteElo "2447"]
[BlackElo "2414"]
[Result "1-0"]
[Round "05"]
[TimeControl "180+1"]
[Date "2022.09.13"]
[WhiteClock "0:00:14"]
[BlackClock "0:00:02"]

1. e4 c5 2. Nf3 Nc6 3. d4 cxd4 4. Nxd4 Nf6 5. Nc3 e6 6. Ndb5 a6 7. Nd6+ Bxd6 8. Qxd6 b5 9. a3 Qe7 10. Qxe7+ Kxe7 11. f3 d6 12. Be3 e5 13. O-O-O Be6 14. b3 Rhc8 15. Kb2 Rab8 16. Nd5+ Bxd5 17. exd5 Na5 18. g4 Nb7 19. b4 Nd8 20. h4 Nd7 21. Kb3 Nb6 22. Bxb6 Rxb6 23. Rc1 g6 24. h5 Kf6 25. hxg6 hxg6 26. Rh8 Kg5 27. c4 bxc4+ 28. Rxc4 Rcb8 29. Ka4 f5 30. gxf5 gxf5 31. Bd3 Nf7 32. Rxb8 Rxb8 33. Rc7 Kf6 34. Bxa6 e4 35. fxe4 fxe4 36. Kb3 Ng5 37. Bc4 Rh8 38. b5 Rh3+ 39. Kb4 Rh1 40. b6 Rb1+ 41. Bb3 Nf3 42. Rc3 Nd4 43. b7 1-0


[Site "https://www.chess.com"]

[Event "Titled Tuesday Blitz September 13 Late 2022"]
[White "Martinez Alcantara, Jose Eduardo"]
[Black "Korchmar, Vasiliy"]
[WhiteFideId "3805662"]
[BlackFideId "24131750"]
[WhiteElo "2703"]
[BlackElo "2370"]
[Result "1-0"]
[Round "05"]
[TimeControl "180+1"]
[Date "2022.09.13"]
[WhiteClock "0:01:16"]
[BlackClock "0:00:01"]

1. e4 c5 2. Nf3 d6 3. c3 Nf6 4. h3 g6 5. Bd3 Bg7 6. Bc2 O-O 7. O-O e5 8. d4 cxd4 9. cxd4 exd4 10. Nxd4 Nc6 11. Nxc6 bxc6 12. Nc3 Rb8 13. Rb1 d5 14. Bg5 d4 15. Na4 h6 16. Bh4 Ba6 17. Bd3 Bxd3 18. Qxd3 g5 19. Bg3 Rb4 20. b3 Nh5 21. Bh2 Re8 22. Rbc1 Qf6 23. Rc5 Nf4 24. Bxf4 Qxf4 25. Re1 Rb5 26. g3 Qd6 27. Rxb5 cxb5 28. Qxb5 Rc8 29. Qd3 Qa3 30. Qd2 Re8 31. Kg2 f5 32. exf5 Rxe1 33. Qxe1 1-0


[Site "https://www.chess.com"]

[Event "Titled Tuesday Blitz September 13 Late 2022"]
[White "Martins, Bruno Andre Leite"]
[Black "Al Hosani, Omran"]
[WhiteFideId "1942255"]
[BlackFideId "9308733"]
[WhiteElo "2282"]
[BlackElo "2167"]
[Result "1/2-1/2"]
[Round "05"]
[TimeControl "180+1"]
[Date "2022.09.13"]
[WhiteClock "0:00:14"]
[BlackClock "0:00:12"]

1. e4 e5 2. Nf3 Nc6 3. d4 exd4 4. Nxd4 Bc5 5. Nxc6 Qf6 6. Qf3 dxc6 7. Nd2 Be6 8. Nb3 Bb4+ 9. c3 Bd6 10. Be3 Qxf3 11. gxf3 Nf6 12. Nc5 Bxc5 13. Bxc5 Nd7 14. Bd4 f6 15. f4 Nb6 16. b3 a5 17. O-O-O a4 18. Kb2 Nd7 19. f5 Bf7 20. Rg1 Rg8 21. f4 g6 22. fxg6 hxg6 23. Bh3 c5 24. Bxd7+ Kxd7 25. Bxf6+ Kc6 26. Rd2 Be6 27. Rdg2 Bf7 28. f5 gxf5 29. exf5 Rxg2+ 30. Rxg2 Rg8 31. Rxg8 Bxg8 32. Be5 axb3 33. axb3 Kd7 34. c4 c6 35. Kc1 b5 36. Kd2 bxc4 37. bxc4 Bxc4 38. Ke3 Bd5 39. Kf4 Ke8 40. Kg5 Kf7 41. h4 Kg8 42. Kf6 c4 43. Ke7 Be4 44. f6 Bg6 45. Bc3 Bf7 46. Kd6 Bd5 47. Ke5 Bf7 48. Kf5 Kh7 49. Kg5 Be8 50. Kf5 Bf7 51. Ke5 Kg6 52. Kd6 Bd5 53. Ke7 Bg8 54. Kf8 Bd5 55. Ke8 Bf7+ 56. Kf8 Bd5 57. Ke7 Kh5 58. f7 Bxf7 59. Kxf7 Kxh4 60. Ke6 Kg4 61. Kd6 Kf4 62. Kxc6 Ke4 63. Kc5 Kd3 64. Be5 c3 65. Bxc3 1/2-1/2


[Site "https://www.chess.com"]

[Event "Titled Tuesday Blitz September 13 Late 2022"]
[White "Mikhailov, Viacheslav"]
[Black "Dilmukhametov, Artur"]
[WhiteFideId "4187369"]
[BlackFideId "24179922"]
[WhiteElo "2381"]
[BlackElo "2206"]
[Result "1/2-1/2"]
[Round "05"]
[TimeControl "180+1"]
[Date "2022.09.13"]
[WhiteClock "0:00:11"]
[BlackClock "0:00:18"]

1. Nf3 d5 2. g3 Nf6 3. Bg2 c6 4. O-O Bg4 5. c4 a6 6. d3 Nbd7 7. Nc3 e6 8. h3 Bh5 9. g4 Bg6 10. Bf4 Be7 11. cxd5 cxd5 12. Rc1 Rc8 13. Nh4 O-O 14. Nxg6 hxg6 15. e4 e5 16. Bh2 d4 17. Ne2 g5 18. Qd2 Rxc1 19. Rxc1 Nh7 20. Qc2 Bd6 21. Bf1 Qa5 22. a3 Re8 23. Nxd4 exd4 24. Bxd6 Ne5 25. Bxe5 Qxe5 26. Qc7 Qb5 27. b4 Nf8 28. Rc5 Qa4 29. Qxb7 Ne6 30. Rc8 Rxc8 31. Qxc8+ Kh7 32. Qc1 Qb3 33. h4 gxh4 34. f4 Qc3 35. Qd1 Nxf4 36. g5 h3 37. Qg4 Qd2 38. g6+ fxg6 39. Qh4+ Kg8 40. Qd8+ Kh7 41. Qh4+ Nh5 42. Qxh3 Qg5+ 43. Qg2 Qe3+ 44. Qf2 Qg5+ 45. Qg2 Qe3+ 46. Qf2 Qg5+ 47. Qg2 1/2-1/2


[Site "https://www.chess.com"]

[Event "Titled Tuesday Blitz September 13 Late 2022"]
[White "Mikhalsky, Vladimir"]
[Black "Indjic, Aleksandar"]
[WhiteFideId "14144352"]
[BlackFideId "911925"]
[WhiteElo "2271"]
[BlackElo "2592"]
[Result "0-1"]
[Round "05"]
[TimeControl "180+1"]
[Date "2022.09.13"]
[WhiteClock "0:00:03"]
[BlackClock "0:00:39"]

1. d4 d5 2. g3 Bf5 3. Bg2 e6 4. Nf3 h6 5. O-O Nf6 6. c4 c6 7. b3 Nbd7 8. Bb2 Be7 9. Nbd2 O-O 10. a3 Bh7 11. h3 a5 12. Ra2 Ne4 13. Qa1 Qb6 14. e3 Qa6 15. Rc1 f5 16. Bf1 Qa7 17. c5 g5 18. Nxe4 fxe4 19. Nh2 Rf7 20. Bc3 Raf8 21. b4 Qb8 22. bxa5 e5 23. Bg2 exd4 24. Bxd4 Qa7 25. Qc3 h5 26. Rb2 Bf6 27. Bf1 Bxd4 28. exd4 h4 29. Ng4 Rf3 30. Qd2 e3 31. fxe3 Rxg3+ 32. Bg2 Be4 33. Qe1 Qb8 34. Rcc2 Nf6 35. Nxf6+ Rxf6 36. Rf2 Rxf2 37. Rxf2 g4 38. Kf1 Bd3+ 39. Kg1 gxh3 40. Rd2 Be4 0-1


[Site "https://www.chess.com"]

[Event "Titled Tuesday Blitz September 13 Late 2022"]
[White "Mirzoev, Azer"]
[Black "Tomb, Maroun"]
[WhiteFideId "13400304"]
[BlackFideId "5300398"]
[WhiteElo "2525"]
[BlackElo "2548"]
[Result "1-0"]
[Round "05"]
[TimeControl "180+1"]
[Date "2022.09.13"]
[WhiteClock "0:00:47"]
[BlackClock "0:00:22"]

1. c4 d6 2. Nc3 Nf6 3. e4 e5 4. g3 Nbd7 5. Bg2 c6 6. Nge2 Be7 7. O-O a6 8. d3 b5 9. b3 O-O 10. h3 Bb7 11. f4 Re8 12. Kh2 h6 13. Be3 b4 14. Na4 d5 15. exd5 cxd5 16. fxe5 Nxe5 17. Nf4 g5 18. Nh5 Rb8 19. Ba7 Ra8 20. Bd4 Nxh5 21. Qxh5 Bf6 22. Rae1 Qe7 23. Bxe5 Bxe5 24. Rxe5 Qxe5 25. Qxf7+ Kh8 26. Rf6 1-0


[Site "https://www.chess.com"]

[Event "Titled Tuesday Blitz September 13 Late 2022"]
[White "Pap, Gyula"]
[Black "Sarana, Alexey"]
[WhiteFideId "725323"]
[BlackFideId "24133795"]
[WhiteElo "2519"]
[BlackElo "2689"]
[Result "0-1"]
[Round "05"]
[TimeControl "180+1"]
[Date "2022.09.13"]
[WhiteClock "0:00:03"]
[BlackClock "0:00:11"]

1. d4 Nf6 2. c4 e6 3. Nc3 Bb4 4. Qb3 c5 5. dxc5 Na6 6. a3 Bxc3+ 7. Qxc3 Nxc5 8. b4 Nce4 9. Qb2 d5 10. c5 d4 11. Nf3 Ng4 12. Qxd4 Qxd4 13. Nxd4 Ngxf2 14. Rg1 Ng4 15. h3 Ngf6 16. g4 Bd7 17. Bg2 h6 18. Bb2 a5 19. Rf1 axb4 20. axb4 Rxa1+ 21. Bxa1 Ke7 22. Kd1 Ra8 23. Kc2 Ra3 24. Bb2 Ba4+ 25. Kc1 Rg3 26. Bf3 Rxh3 27. b5 Nxc5 28. b6 Nfd7 29. Ba3 Ke8 30. Kb2 e5 31. Nf5 e4 32. Nd6+ Kd8 33. Nxe4 Nxe4 34. Bxe4 f6 35. Bxb7 Nxb6 36. Bf8 Nc4+ 37. Ka2 Bb3+ 38. Ka1 Bc2 39. Bd5 Ne3 40. Rc1 Ke8 41. Bc5 Nxd5 42. Rxc2 Rc3 43. Rxc3 Nxc3 44. e3 Ne4 45. Bd4 Nf2 46. g5 hxg5 0-1


[Site "https://www.chess.com"]

[Event "Titled Tuesday Blitz September 13 Late 2022"]
[White "Papasimakopoulos, Alexandros"]
[Black "Bilan, Danila"]
[WhiteFideId "4244125"]
[BlackFideId "24161918"]
[WhiteElo "2357"]
[BlackElo "2164"]
[Result "1/2-1/2"]
[Round "05"]
[TimeControl "180+1"]
[Date "2022.09.13"]
[WhiteClock "0:00:02"]
[BlackClock "0:00:07"]

1. d4 d5 2. c4 c6 3. cxd5 cxd5 4. Bf4 Nf6 5. Nc3 a6 6. e3 Nc6 7. Bd3 g6 8. h3 Bg7 9. Nf3 Bf5 10. Bxf5 gxf5 11. O-O O-O 12. Rc1 e6 13. Na4 Ne4 14. Nc5 Qe7 15. Qb3 Nxc5 16. Rxc5 Rfc8 17. Rfc1 Bf8 18. Qb6 Qd7 19. R5c2 Nb4 20. Rc7 Rxc7 21. Rxc7 Qb5 22. Qxb7 Qxb7 23. Rxb7 Nxa2 24. Ng5 Rc8 25. Nxf7 Rc1+ 26. Kh2 Nb4 27. Nh6+ Bxh6 28. Bxh6 Nd3 29. Rg7+ Kh8 30. Rf7 Rc8 31. Re7 Nxb2 32. Rxe6 Ra8 33. Rf6 a5 34. Rxf5 a4 35. Bf8 Ra5 36. Bc5 Nd3 37. Rxd5 a3 38. Rd8+ Kg7 39. Bf8+ Kf7 40. Bxa3 Rxa3 41. Kg3 Ra2 42. Rd7+ Kg6 43. f3 Ne1 44. e4 Rxg2+ 45. Kf4 Rf2 46. Ke3 Ra2 47. Rd6+ Kg7 48. f4 Ra3+ 49. Ke2 Nd3 50. f5 Nf4+ 51. Kd2 Rxh3 52. e5 Rd3+ 53. Kc2 Re3 54. Rd7+ Kg8 55. f6 h5 56. Rg7+ Kf8 57. Rh7 Kg8 58. Rg7+ Kf8 59. Ra7 h4 60. Rh7 h3 61. Rh4 Rf3 62. Kd2 Ne6 63. d5 Ng5 64. Rh5 Rf5 65. Rh8+ Kf7 66. e6+ Kxf6 67. Rh6+ Ke7 68. Kc3 Rxd5 69. Kc4 Rf5 70. Kd4 Nxe6+ 71. Ke4 Ra5 72. Rxh3 Kd6 73. Rc3 Ra4+ 74. Kf3 Rf4+ 75. Kg3 Rd4 76. Ra3 Rd5 77. Ra6+ Ke5 78. Ra4 Nd4 79. Ra3 Rc5 80. Re3+ Kd5 81. Ra3 Rc3+ 82. Rxc3 Ne2+ 83. Kf3 Nxc3 1/2-1/2


[Site "https://www.chess.com"]

[Event "Titled Tuesday Blitz September 13 Late 2022"]
[White "Perez Ponsa, Federico"]
[Black "Petrovic, Aleksa"]
[WhiteFideId "117927"]
[BlackFideId "967629"]
[WhiteElo "2604"]
[BlackElo "2262"]
[Result "1-0"]
[Round "05"]
[TimeControl "180+1"]
[Date "2022.09.13"]
[WhiteClock "0:01:21"]
[BlackClock "0:00:01"]

1. e4 c5 2. Nc3 Nc6 3. Bb5 g6 4. Bxc6 bxc6 5. d3 Bg7 6. f4 d6 7. Nf3 Nh6 8. O-O O-O 9. Qe1 f5 10. e5 Nf7 11. b3 Qd7 12. Bb2 Nd8 13. Na4 Ne6 14. Qg3 Bh6 15. Ng5 Nxg5 16. fxg5 Bg7 17. Rae1 Rd8 18. e6 Qe8 19. Bxg7 Kxg7 20. c4 Qh8 21. h4 Kg8 22. Qf4 Qd4+ 23. Kh2 Qxf4+ 24. Rxf4 Bb7 25. g4 fxg4 26. Rf7 Re8 27. Kg3 Bc8 28. Rf4 Rf8 29. Kxg4 Rxf4+ 30. Kxf4 Bb7 31. Kg3 Rf8 32. Nc3 Rf5 33. Re3 Rf1 34. Ne2 Bc8 35. d4 cxd4 36. Nxd4 Bb7 37. c5 dxc5 38. Ne2 Ra1 39. Nc3 Rg1+ 40. Kf2 Rh1 41. Re4 Rh3 42. Rc4 Bc8 43. Rxc5 Bxe6 44. Rxc6 Bf7 45. Rc7 Rxh4 46. Rxa7 Rh3 47. Rc7 h6 48. gxh6 Kh7 49. b4 Kxh6 50. b5 Rh4 51. a3 Rh2+ 52. Ke3 Rb2 53. Rxe7 Kg7 54. a4 Kf6 55. Rc7 Rb4 56. a5 g5 57. a6 g4 58. a7 Rb3 59. a8=Q 1-0


[Site "https://www.chess.com"]

[Event "Titled Tuesday Blitz September 13 Late 2022"]
[White "Putnam, Liam"]
[Black "Bazeev, German"]
[WhiteFideId "30938279"]
[BlackFideId "24119350"]
[WhiteElo "2031"]
[BlackElo "2493"]
[Result "1-0"]
[Round "05"]
[TimeControl "180+1"]
[Date "2022.09.13"]
[WhiteClock "0:00:53"]
[BlackClock "0:01:06"]

1. e4 c5 2. b3 Nf6 3. e5 Nd5 4. Bb2 Nc6 5. Nf3 g6 6. Bc4 Nb6 7. e6 f6 8. exd7+ Bxd7 9. Qe2 Nxc4 10. Bxf6 Nd6 11. Bxh8 Nb4 12. d3 Qc7 13. O-O O-O-O 14. Be5 Bc6 15. Nc3 Qd7 16. a3 Nd5 17. Rad1 Bh6 18. Rfe1 Rf8 19. Ne4 b6 20. c4 Nf4 21. Bxf4 Rxf4 22. Ne5 Qc7 23. Nxc6 Qxc6 24. Nxd6+ Qxd6 25. Qxe7 Bf8 26. Qxd6 Bxd6 27. g3 Rf7 28. d4 cxd4 29. b4 a5 30. Rxd4 1-0


[Site "https://www.chess.com"]

[Event "Titled Tuesday Blitz September 13 Late 2022"]
[White "Salem, A.R. Saleh"]
[Black "Domingo Nunez, Ruben"]
[WhiteFideId "9301348"]
[BlackFideId "22245570"]
[WhiteElo "2628"]
[BlackElo "2406"]
[Result "1/2-1/2"]
[Round "05"]
[TimeControl "180+1"]
[Date "2022.09.13"]
[WhiteClock "0:00:07"]
[BlackClock "0:00:22"]

1. d4 g6 2. c4 Bg7 3. e4 d6 4. Nc3 Nd7 5. Nf3 c5 6. d5 Rb8 7. Bd3 Ngf6 8. h3 O-O 9. O-O a6 10. a4 Ne8 11. Re1 Ne5 12. Nxe5 dxe5 13. a5 Nd6 14. Be3 b5 15. axb6 Rxb6 16. Na4 Rb8 17. Bxc5 Bd7 18. Be3 f5 19. exf5 gxf5 20. c5 f4 21. Bc1 Nf5 22. c6 Bc8 23. Bf1 Nd4 24. Nc3 f3 25. g3 Bf5 26. Rxa6 Qd6 27. Ra7 Rf6 28. Ne4 Bxe4 29. Rxe4 Qxd5 30. Re1 Rxc6 31. Rxe7 Rd8 32. Bg5 Rdc8 33. Qd3 Rg6 34. Be3 Qc5 35. Bxd4 Qxe7 36. Qxf3 Rf8 37. Qd5+ Kh8 38. Rxe5 Qb4 39. Bc3 Qb6 40. Rf5 Rxg3+ 41. Kh2 Rxc3 42. Rxf8+ Bxf8 43. bxc3 Qxf2+ 44. Bg2 Qf4+ 45. Kh1 Qc1+ 46. Kh2 Qf4+ 47. Kh1 Bd6 48. Qa8+ Kg7 49. Qb7+ Kh6 50. Kg1 Qe3+ 51. Kf1 Qd3+ 52. Kg1 Qd1+ 53. Kf2 Qd2+ 54. Kf1 Qd3+ 55. Kg1 Qxc3 56. Qc6 Qe3+ 57. Kf1 Qd3+ 58. Kf2 Kg5 59. Qd5+ Qxd5 60. Bxd5 Kh4 61. Kg2 h5 62. Bf3 Kg5 63. Bxh5 Kxh5 64. h4 Be7 65. Kf3 Bxh4 1/2-1/2


[Site "https://www.chess.com"]

[Event "Titled Tuesday Blitz September 13 Late 2022"]
[White "Sargsyan, Anna M."]
[Black "Ibrahimli, Murad"]
[WhiteFideId "13308130"]
[BlackFideId "13410229"]
[WhiteElo "2271"]
[BlackElo "2109"]
[Result "1-0"]
[Round "05"]
[TimeControl "180+1"]
[Date "2022.09.13"]
[WhiteClock "0:01:12"]
[BlackClock "0:00:08"]

1. d4 Nf6 2. c4 e6 3. Nf3 b6 4. g3 Bb7 5. Bg2 Be7 6. Nc3 Ne4 7. Nxe4 Bxe4 8. O-O O-O 9. Qd2 d6 10. Qe3 Bb7 11. Qd3 Nd7 12. e4 Bf6 13. h4 h6 14. Re1 Rb8 15. Be3 a6 16. Nh2 c5 17. Ng4 Bxd4 18. Bxd4 cxd4 19. Qxd4 h5 20. Ne3 Nc5 21. Rad1 b5 22. cxb5 axb5 23. e5 Bxg2 24. Nxg2 Qb6 25. exd6 Rfd8 26. Nf4 g6 27. Nxh5 gxh5 28. Re5 f6 29. Rxc5 Kf7 30. b4 Rbc8 31. Qd3 Rxc5 32. Qh7+ Kf8 33. bxc5 1-0


[Site "https://www.chess.com"]